 Dungeon Crawl Stone Soup version 0.28.0 (webtiles) character file.

Game seed: 4202819475023389435

114 mcwallace the Caller (level 4, -5/29 HPs)
             Began as an Octopode Summoner on Feb 18, 2022.
             Killed from afar by Sigmund (9 damage)
             ... with a magic dart
             ... on level 3 of the Dungeon.
             The game lasted 00:06:23 (2967 turns).

mcwallace the Caller (Octopode Summoner)            Turns: 2967, Time: 00:06:23

Health: -5/29      AC:  1    Str:  7    XL:     4   Next: 98%
Magic:  8/8        EV: 28    Int: 19    God:
Gold:   27         SH:  0    Dex: 12    Spells: 4/8 levels left

rFire   . . .      SeeInvis .   e - +0 dagger {short}
rCold   . . .      Faith    .   (no shield)
rNeg    . . .      Spirit   .   (helmet restricted)
rPois   .          Reflect  .   a - amulet of the acrobat
rElec   .          Harm     .   (no ring)
rCorr   .          Rampage  .   (no ring)
Will    .....                   (no ring)
Stlth   +++.......              (no ring)
HPRegen 0.09/turn               (no ring)
MPRegen 0.11/turn               (no ring)
                                (no ring)
                                (no ring)

@: acrobatic
A: almost no armour, amphibious, 8 rings, camouflage 1, gelatinous body 1,
(nimble swimmer 1), tentacles
a: no special abilities


You were on level 3 of the Dungeon.
You visited 1 branch of the dungeon, and saw 3 of its levels.

You collected 27 gold pieces.


Innate Abilities, Weirdness & Mutations

You cannot wear most types of armour.
You are amphibious.
You can wear up to eight rings at the same time.
Your skin changes colour to match your surroundings (Stealth+).
Your rubbery body absorbs attacks. (AC +1, EV +1)
((You are camouflaged when in or above water. (Stealth+)))
You have tentacles for arms and can constrict up to eight enemies at once.


   Skills:
 + Level 1.7 Fighting
 + Level 2.7 Dodging
 + Level 4.0 Stealth
 + Level 2.6 Spellcasting
 + Level 4.4 Summonings


You had 4 spell levels left.
You knew the following spells:

 Your Spells              Type           Power      Damage    Failure   Level
a - Summon Small Mammal   Summ           76%        N/A       2%          1
b - Call Canine Familiar  Summ           19%        N/A       8%          3

Your spell library contained the following spells:

 Spells                   Type           Power      Damage    Failure   Level
 Call Imp                 Summ           19%        N/A       3%          2
 Summon Guardian Golem    Hex/Summ       11%        N/A       19%         3
 Summon Lightning Spire   Summ/Air       11%        N/A       54%         4

Inventory:

Hand Weapons
 c - a +0 dagger {short}
   (You found it on level 1 of the Dungeon)
 d - a +0 hunting sling {sling}
   (You found it on level 1 of the Dungeon)
 e - a +0 dagger (weapon) {short}
   (You found it on level 1 of the Dungeon)
 f - a +0 hand axe {axe}
   (You found it on level 1 of the Dungeon)
 g - a +0 spear {polearm}
   (You found it on level 1 of the Dungeon)
Missiles
 h - 16 bolts
 i - 110 stones {throwing}
 k - 22 arrows
Armour
 q - a +0 kite shield
   (You found it on level 3 of the Dungeon)
Jewellery
 a - an amulet of the acrobat (around mantle)
   (You found it on level 1 of the Dungeon)
Scrolls
 b - 3 scrolls of identify {unknown}
 j - a scroll of fog {unknown}
 l - a scroll of enchant weapon {unknown}
 n - a scroll of holy word {unknown}
Potions
 m - 2 potions of lignification {unknown}
 o - a potion of flight {unknown}
 p - a potion of heal wounds {@q2}

Dungeon Overview and Level Annotations

Branches:
Dungeon (3/15)

Altars:
Fedhas
Ru

Annotations:
D:3 Sigmund

#.....# #....# #.....# #....#...
......# #....##.# ......#
#.....#.# ......# ##...#.#.#
#.....# #........# #.....#
#.....#..# ##'#### #.....#..#
#......# ##.######.....##@##
#...... #..........##.....# #
#..... #..........##.....#.#
#.... #..........##.......# #...
≈...≈ ##'##........@...#..###..
§≈≈≈.§.
#.##..........#........##§..≈.≈.
##.............###..###.##._.....
.....................##.##...≈.≈.
.....................##.#..§≈≈.§.


You could see Sigmund.


Message History

You lost 3 mp, and now have 4/7 mp.
What are your orders? t - Shout!
Orders for allies: a - Attack new target. r - Retreat! s - Stop attacking. g - Guard the area. f - Follow me.
Anything else - Cancel.
Gang up on whom?
Press: ? - help, Dir - move target, f - Sigmund
Aim: Sigmund, wielding a +0 scythe and wearing a +0 robe (asleep, ally target) Attack!
A dart slug comes into view.
The dart slug launches a dart at you. The slug dart hits you. 😕 HP[-3]
You take 3 damage, and now have 26/29 hp.
Sigmund shouts!
Your hound barely misses Sigmund.
The dart slug launches a dart at you. The slug dart hits you.
Sigmund casts a spell.
Sigmund flickers and vanishes!
Deactivating autopickup; reactivate with Ctrl-A. 😮 HP[-5]
You take 5 damage, and now have 21/29 hp.
Your hound bites something.
Your hound barely misses something.
Something hits your hound! 😕 HP[+1] 😕 MP[+1]
Your hound bites the dart slug.
There is an open door here.
Your hound bites the dart slug.
The dart slug launches a dart at you. The slug dart misses you.
Your hound bites the dart slug.
What are your orders? t - Shout!
Orders for allies: a - Attack new target. r - Retreat! s - Stop attacking. g - Guard the area. f - Follow me.
Anything else - Cancel.
Gang up on whom?
Press: ? - help, Dir - move target, f - dart slug
Aim: a dart slug (heavily wounded) Attack!
Your hound bites the dart slug.
The dart slug dies!
Your hound bites something.
Something completely misses your hound.
Your hound bites something. 😕 HP[+1] 😕 MP[+1]
A magic dart appears from out of thin air!
The magic dart hits you!
* * * LOW HITPOINT WARNING * * *
😨 HP[-10]
You take 10 damage, and now have 13/29 hp.
MASSIVE DAMAGE!! (PAUSE)
There is an open door here. 😨 MP[+1] 😨 HP[+1] 😨 MP[+1]
Your mp is fully restored (8).
Your hound closely misses something.
Your hound bites something.
Your hound misses something.
A puff of flame appears from out of thin air!
The puff of flame hits you!
* * * LOW HITPOINT WARNING * * *
😱 HP[-7]
You take 7 damage, and now have 7/29 hp.
MASSIVE DAMAGE!! (PAUSE)
Your hound barely misses something. 😨 HP[+1]
Your hound bites something.
You are confused.
Your hound bites something but does no damage.
Your hound closely misses something.
Sigmund appears from thin air!
Reactivating autopickup.
Your hound bites Sigmund.
Sigmund asks, "Do you like me?"
Sigmund drinks a potion.
Sigmund is healed!
Your hound bites Sigmund.
Your hound misses Sigmund.
Your hound bites Sigmund.
Sigmund casts a spell at you. The magic dart hits you.
* * * LOW HITPOINT WARNING * * *
😱 HP[-5]
You take 5 damage, and now have 3/29 hp.
You feel less confused.
Your hound bites Sigmund. x2
Sigmund hits your hound but does no damage.
Your hound barely misses Sigmund.
Your hound bites Sigmund.
Sigmund hits your hound with a +0 scythe!
Your hound dies!
Your hound's corpse disappears in a puff of smoke!
Sigmund shouts! 😱 HP[+1] Sigmund casts a spell at you.
The magic dart hits you!
You die...

Skill      XL: |  1  2  3  4 |
---------------+-------------+-----
Stealth        | 3 4 |  4.0
Fighting       | 1 |  1.7
Dodging        | |  2.7
Spellcasting   | |  2.6
Summonings     | |  4.4

Action                   |  1- 3 |  4- 6 || total
-------------------------+-------+-------++-------
Melee: Unarmed           |     2 |       ||     2
       Constrict         |     8 |     4 ||    12
       Dagger            |    31 |    17 ||    48
       Tentacles         |     6 |     5 ||    11
 Cast: Summon Small Mamm |    52 |    14 ||    66
       Call Canine Famil |     1 |     3 ||     4
 Stab: Sleeping          |     1 |       ||     1
Armor: Skin              |     2 |       ||     2
Dodge: Dodged            |    67 |    14 ||    81

Levels and vault maps discovered:
D:1:      dpeg_arrival_renting, layout_basic, ebering_ecumenical_altar_abandoned
D:2:      layout_basic, basic_altar
D:3:      layout_basic, mainiacjoe_overflow_large_starburst, uniq_sigmund

Notes
Turn   | Place    | Note
-------+----------+-------------------------------------------
     0 | D:1      | mcwallace the Octopode Summoner began the quest for the
                  | Orb.
     0 | D:1      | Reached XP level 1. HP: 11/11 MP: 3/3
     0 | D:1      | magus.rc [v1.9.6]
   410 | D:1      | Reached XP level 2. HP: 18/18 MP: 1/5
   462 | D:1      | Reached skill level 3 in Stealth
   876 | D:1      | Found a faded altar of an unknown god.
  1013 | D:2      | Found a sacrificial altar of Ru.
  1108 | D:2      | Reached skill level 1 in Fighting
  1108 | D:2      | Reached XP level 3. HP: 19/23 MP: 4/6
  1112 | D:2      | Learned a level 3 spell: Call Canine Familiar
  1777 | D:2      | Reached XP level 4. HP: 28/28 MP: 3/7
  2453 | D:3      | Found a blossoming altar of Fedhas.
  2649 | D:3      | Reached skill level 4 in Stealth
  2913 | D:3      | Noticed Sigmund
  2952 | D:3      | HP: 7/29 [something/puff of flame (7)]
  2960 | D:3      | HP: 3/29 [Sigmund/magic dart (5)]
  2967 | D:3      | Killed from afar by Sigmund

Vanquished Creatures
  2 adders
  A gnoll (D:2)
  A worm (D:3)
  A dart slug (D:2)
  An orc (D:3)
  A ball python (D:1)
  A giant cockroach (D:3)
  3 hobgoblins
  A kobold (D:2)
  2 quokkas
  4 bats (D:2)
  2 rats
20 creatures vanquished.

Vanquished Creatures (collateral kills)
  3 gnolls (D:2)
  A worm (D:2)
  3 dart slugs
  4 ball pythons
  An endoplasm (D:1)
  2 goblins
  3 hobgoblins
  A kobold (D:1)
  2 quokkas (D:1)
  2 bats (D:1)
  A frilled lizard (D:2)
  A rat (D:2)
24 creatures vanquished.

Grand Total: 44 creatures vanquished

Table legend:
 A = Non-vault XP
 B = Vault XP
 C = Vault XP percentage of total XP
 D = Non-vault monster count
 E = Vault monster count
 F = Vault count percentage of total count
                 A         B        C        D         E       F
            +---------+---------+-------+---------+---------+-------
      Total |     164 |       0 |   0.0 |      44 |       0 |   0.0
            +---------+---------+-------+---------+---------+-------
        D:1 |      25 |       0 |   0.0 |      13 |       0 |   0.0
        D:2 |     101 |       0 |   0.0 |      21 |       0 |   0.0
        D:3 |      38 |       0 |   0.0 |      10 |       0 |   0.0
            +---------+---------+-------+---------+---------+-------

Illustrated notes

Table legend:
 A = Kills in this place as a percentage of kills in entire the game.
 B = Kills by you in this place as a percentage of kills by you in the entire game.
 C = Kills by friends in this place as a percentage of kills by friends in the entire game.
 D = Other kills in this place as a percentage of other kills in the entire game.
 E = Experience gained in this place as a percentage of experience gained in the entire game.
 F = Experience gained in this place divided by the number of levels of this place that you have seen.
                   A       B       C       D       E      F
               +-------+-------+-------+-------+-------+----------------------
         Total | 100.0 | 100.0 | 100.0 |   N/A | 100.0 |  54.7
       Dungeon | 100.0 | 100.0 | 100.0 |   N/A | 100.0 |  54.7
               +-------+-------+-------+-------+-------+----------------------

Table legend: (Time is in decaauts)
 A = Elapsed time spent in this place.
 B = Non-inter-level travel time spent in this place.
 C = Inter-level travel time spent in this place.
 D = Time resting spent in this place.
 E = Time spent auto-exploring this place.
 F = Levels seen in this place.
 G = Mean time per level.
                   A        B        C        D        E       F      G
               +--------+--------+--------+--------+--------+-----+--------+
         Total |   2967 |   2899 |     68 |      4 |   2253 |   3 |  989.0 |
       Dungeon |   2967 |   2899 |     68 |      4 |   2253 |   3 |  989.0 |
               +--------+--------+--------+--------+--------+-----+--------+

Top non-repeatable levels by time:
     D:2: 1364 daAuts
     D:1: 1056 daAuts
     D:3: 546 daAuts
